 Dungeon Sprint DCSS version 0.23.1 (webtiles) character file.

Game seed: 15353825309136677527

2310 nuthulu the Grappler (level 9, -11/147 HPs)
             Began as a Troll Berserker on Mar 7, 2019.
             Was a High Priest of Trog.
             Mangled by a kraken (31 damage)
             ... in the Dungeon (Sprint II: "The Violet Keep of Menkaure").
             The game lasted 00:02:52 (558 turns).

nuthulu the Grappler (Troll Berserker)               Turns: 558, Time: 00:02:52

Health: -11/147    AC:  7    Str: 35    XL:     9   Next: 18%
Magic:  8/8        EV: 13    Int:  3    God:    Trog [*****.]
Gold:   558        SH:  0    Dex:  9    Spells: 8/8 levels left

rFire    . . .     SeeInvis .     - Unarmed
rCold    . . .     Gourm    +   (no shield)
rNeg     . . .     Faith    .   a - +0 animal skin
rPois    .         Spirit   .   (helmet restricted)
rElec    .         Reflect  .   j - +0 cloak
rCorr    .         Harm     .   (gloves unavailable)
MR       .....     NoTele   +   (boots unavailable)
Stlth    ..........             (no amulet)
HPRegen  0.74/turn              (no ring)
MPRegen  0.11/turn              (no ring)

@: berserking, very slightly contaminated, very quick
A: large, unfitting armour, claws 3, fast metabolism 3, gourmand, regeneration
1, shaggy fur 1, tough skin 3
a: Berserk, Trog's Hand, Brothers in Arms, Renounce Religion


You were in the Dungeon.
You worshipped Trog.
Trog was extremely pleased with you.
You were very full.

You visited 1 branch You collected 1053 gold pieces.
You spent 495 gold pieces at shops.

Inventory:

Armour
 a - a +0 animal skin (worn)
 j - a +0 cloak (worn)
Scrolls
 h - a scroll of blinking
Potions
 c - 4 potions of curing
 d - a potion of heal wounds
 e - a potion of haste
 f - 2 potions of magic
 g - a potion of berserk rage
Comestibles
 b - 2 rations


   Skills:
 + Level 9.3 Fighting
 + Level 9.3 Dodging
 * Level 14.5 Unarmed Combat


You had 8 spell levels left.
You didn't know any spells.
Your spell library was empty.

Dungeon Overview and Level Annotations

Branches:
Dungeon (1/1)

Altars:
Cheibriados
Dithmenos
Elyvilon
Fedhas
Gozag
Hepliaklqana
Kikubaaqudgha
Makhleb
Nemelex Xobeh
Okawaru
Qazlal
Ru
Sif Muna
Trog
Uskayaw
Vehumet
Wu Jian
Xom
Yredelemnul
Zin
The Shining One
Beogh
Jiyva
Lugonu

Shops:
D :}[(=!!?((:=?(%[

Annotations:
D exclusion: oklob plant


Innate Abilities, Weirdness & Mutations

You are too large for most types of armour.
You have claws for hands.
Your metabolism is lightning-fast.
You like to eat raw meat.
Your natural rate of healing is unusually fast.
You are covered in fur. (AC +1)
You have extremely tough skin. (AC +3)


Message History

The kraken is lightly wounded.
The tentacle slaps you!
Tentacles burst out of the water! 4 tentacles come into view.
Unknown command.
Okay, then.
You feel much better.
You flicker back into view.
The tentacle closely misses you. The tentacle slaps you!!
The kraken bites you!!
* * * LOW HITPOINT WARNING * * *
Unknown command.
A red film seems to cover your vision as you go berserk!
You feel yourself moving faster!
You feel mighty! The tentacle closely misses you.
The tentacle slaps you but does no damage.
The kraken bites you but does no damage.
The tentacle slaps you.
* * * LOW HITPOINT WARNING * * *
The tentacle misses you. The kraken bites you!!
You die...

,*,,*,,*,,,,,,,,**,⌠,*,*,+≈,,≈+,*
.###*,"▓$!=[?)(!▓▓,,,*,*,+≈,,≈+,*
...#*##▓($($(!!?▓▓,,,*,*,+≈,,≈+,*
#.^#*.#▓!%$?%!!)▓▓,,,*,*,+≈,,≈+,*
+..#,.#▓?)[$)(?[▓▓,,,*,*,+≈,,≈+,*
#^.#,.#▓(?(%%)!$▓▓,⌠,*,*,*≈,,≈*,*
#^.##.#▓[=()($$!▓▓,,,*,*,*≈,,≈*,*
##...##▓▓▓▓▓▓▓+▓▓▓▓+▓*,***≈,,≈***
.≈†)†≈≈≈≈≈≈≈≈≈..@Xw≈▓,,,,,,,,**
.≈#'########+###www≈▓,,,,,,,**
.≈#†._.....#t§≈##≈≈≈▓,,,,,,**
.≈#._._....#§≈§§####▓****≈**
≈≈#_._._...#§§§§§**,,*,,*≈*
≈≈#._._._..#§§t§≈≈*,,*,,*≈*
≈≈#_._._._.#§§§≈≈≈+,,+,,*≈*
≈§#._._._._#§§§≈≈≈*,,*,,*≈*
≈≈#_._._._.#≈≈≈≈≈≈*,,*,,*≈*


You could see a kraken and 4 tentacles.

Vanquished Creatures
  A merfolk siren (D)
  A yaktaur (D)
  A hornet (D)
  3 polar bears (D)
  2 hippogriffs (D)
  Menkaure (D)
  4 necrophages (D)
  2 crocodiles (D)
  3 worms (D)
18 creatures vanquished.

Vanquished Creatures (others)
  4 tentacles (D)
4 creatures vanquished.

Grand Total: 22 creatures vanquished

Notes
Turn   | Place    | Note
-------+----------+-------------------------------------------
     0 | D        | nuthulu the Troll Berserker began the quest for the Orb.
     0 | D        | Reached XP level 1. HP: 22/22 MP: 0/0
     1 | D        | Noticed a merfolk siren
    12 | D        | Noticed Menkaure
    17 | D        | Killed a merfolk siren
    17 | D        | Reached skill level 10 in Unarmed Combat
    17 | D        | Reached XP level 2. HP: 25/36 MP: 1/1
    17 | D        | Reached XP level 3. HP: 31/44 MP: 2/2
    17 | D        | Reached XP level 4. HP: 36/52 MP: 3/3
    17 | D        | Reached XP level 5. HP: 41/59 MP: 4/4
    17 | D        | Reached XP level 6. HP: 47/67 MP: 5/5
    22 | D        | Killed Menkaure
    22 | D        | Reached ** piety under Trog
    88 | D        | Reached *** piety under Trog
   111 | D        | Reached skill level 11 in Unarmed Combat
   111 | D        | Reached XP level 7. HP: 78/78 MP: 6/6
   117 | D        | Reached **** piety under Trog
   121 | D        | Reached skill level 12 in Unarmed Combat
   152 | D        | Noticed a hippogriff
   152 | D        | Noticed a hippogriff
   159 | D        | Killed a hippogriff
   159 | D        | Reached XP level 8. HP: 70/88 MP: 7/7
   163 | D        | Killed a hippogriff
   274 | D        | Found Jauv's Antique Armour Shop.
   274 | D        | Found Plog's Magic Scroll Boutique.
   274 | D        | Found Faumesi's Jewellery Shop.
   274 | D        | Found Tusum's Weapon Boutique.
   274 | D        | Found Dianisish's Magic Scroll Shop.
   274 | D        | Found Tishouron's Book Shop.
   274 | D        | Found Jyuneceg's Distillery.
   275 | D        | Found Nyj Zics's Distillery.
   275 | D        | Found Ummi's Jewellery Shop.
   275 | D        | Found Gepp's Antique Weapon Boutique.
   275 | D        | Found Amom's Antique Weapon Shop.
   276 | D        | Found Ishrott's Antique Armour Shop.
   276 | D        | Found Zun Ump's Gadget Boutique.
   278 | D        | Found Mixkydip's Food Boutique.
   278 | D        | Found Jovvots's Weapon Shop.
   279 | D        | Noticed an oklob plant
   280 | D        | Found Hisetargh's Book Shoppe.
   284 | D        | Reached skill level 13 in Unarmed Combat
   297 | D        | Bought a potion of heal wounds for 55 gold pieces
   297 | D        | Bought a potion of curing for 33 gold pieces
   302 | D        | Bought a potion of heal wounds for 70 gold pieces
   302 | D        | Bought a potion of curing for 42 gold pieces
   302 | D        | Bought a potion of curing for 42 gold pieces
   311 | D        | Bought a scroll of magic mapping for 35 gold pieces
   314 | D        | Bought a cloak for 130 gold pieces
   323 | D        | Bought a potion of invisibility for 88 gold pieces
   349 | D        | Found a stormy altar of Qazlal.
   350 | D        | Found a hazy altar of Hepliaklqana.
   350 | D        | Found a sacrificial altar of Ru.
   350 | D        | Found an ornate altar of the Wu Jian Council.
   351 | D        | Found a roughly hewn altar of Beogh.
   351 | D        | Found a viscous altar of Jiyva.
   351 | D        | Found a deep blue altar of Sif Muna.
   352 | D        | Found a snail-covered altar of Cheibriados.
   352 | D        | Found an ancient bone altar of Kikubaaqudgha.
   352 | D        | Found a shimmering altar of Xom.
   352 | D        | Found a bloodstained altar of Trog.
   353 | D        | Found a shadowy altar of Dithmenos.
   353 | D        | Found a corrupted altar of Lugonu.
   354 | D        | Found a white marble altar of Elyvilon.
   354 | D        | Found a burning altar of Makhleb.
   355 | D        | Found a blossoming altar of Fedhas.
   357 | D        | Found an opulent altar of Gozag.
   357 | D        | Found a glowing golden altar of the Shining One.
   357 | D        | Found a basalt altar of Yredelemnul.
   357 | D        | Found a hide-covered altar of Uskayaw.
   357 | D        | Found a sparkling altar of Nemelex Xobeh.
   357 | D        | Noticed a hornet
   357 | D        | Noticed a polar bear
   357 | D        | Noticed a polar bear
   358 | D        | Found a glowing silver altar of Zin.
   358 | D        | Found a radiant altar of Vehumet.
   358 | D        | Found an iron altar of Okawaru.
   358 | D        | Noticed a yaktaur
   359 | D        | Noticed a polar bear
   364 | D        | Killed a polar bear
   373 | D        | Killed a polar bear
   373 | D        | Reached ***** piety under Trog
   378 | D        | Killed a polar bear
   381 | D        | Killed a hornet
   381 | D        | Reached skill level 14 in Unarmed Combat
   381 | D        | Reached XP level 9. HP: 25/98 MP: 8/8
   383 | D        | Killed a yaktaur
   549 | D        | Noticed a kraken
   558 | D        | Mangled by a kraken

Skill      XL: |  1  2  3  4  5  6  7  8 |
---------------+-------------------------+-----
Fighting       | 6 7 9 |  9.3
Dodging        | 6 7 9 |  9.3
Unarmed Combat | 10 11 12 14 | 14.5

Action                   |  1- 3 |  4- 6 |  7- 9 || total
-------------------------+-------+-------+-------++-------
Melee: Unarmed           |    15 |    15 |    39 ||    69
       Punch             |       |     1 |     5 ||     6
Invok: Berserk           |       |     2 |     2 ||     4
       Trog's Hand       |       |       |     1 ||     1
  Use: Potion            |       |       |     3 ||     3
       Scroll            |       |       |     1 ||     1
 Stab: Invisible         |       |       |     1 ||     1
  Eat: Chunk             |       |     7 |     7 ||    14
Armor: Animal skin       |     1 |       |    17 ||    18
Dodge: Dodged            |     1 |     3 |    29 ||    33
